Map: Emerald City LE

Players

Innovation

  • Race: Terran Terran
  • League: Diamond
  • Spawn Location: 11:00

Titibandit

  • Race: Protoss Protoss
  • League: Diamond
  • Spawn Location: 11:00

qqq - Winner!

  • Race: Zerg Zerg
  • Spawn Location: 5:00

Massa - Winner!

  • Race: Terran Terran
  • League: Platinum
  • Spawn Location: 5:00

VOD

Have the link to the VOD?

Description

Time

  • Played on: Feb. 12, 2021, 3:53 p.m.
  • Length: 17:07
Show
View Real Time Build Order
Export as new Build Order

Innovation Terran 

Build Orders:  

Get SALT Encoding   

  12  0:00  SCV  
  13  0:12  SCV  
  14  0:19  Supply Depot  
  14  0:24  SCV  
  15  0:41  SCV  
  16  0:43  Barracks  
  16  0:46  Refinery  
  16  0:53  SCV  
  16  0:54  Refinery  
  17  1:05  SCV  
  18  1:17  SCV  
  19  1:30  Reaper  
  21  1:35  Orbital Command  
  20  1:51  Supply Depot  
  20  2:02  SCV  
  20  2:07  Factory  
  21  2:10  Barracks Tech Lab  
  21  2:14  SCV  
  22  2:26  SCV  
  23  2:31  Command Center  
  23  2:38  SCV  
  24  2:50  SCV  
  25  2:52  Starport, Factory Tech Lab  
  25  2:53  Marine  
  26  3:02  SCV  
  27  3:10  Marine  
  28  3:14  SCV  
  29  3:26  SCV  
  30  3:32  Supply Depot  
  30  3:33  Supply Depot  
  30  3:36  Stimpack  
  30  3:38  SCV  
  31  3:42  Medivac  
  31  3:43  Siege Tank  
  31  3:44  Orbital Command  
  36  3:49  Marine  
  36  3:51  SCV  
  37  4:03  SCV  
  37  4:05  Barracks  
  37  4:07  Marine  
  39  4:10  SCV, Barracks  
  39  4:31  Marine  
  35  4:39  Siege Tank  
  36  4:49  Marine, Medivac  
  33  4:56  Marine  
  33  4:57  Marine  
  35  5:01  Barracks  
  35  5:06  Marine  
  35  5:07  Barracks  
  35  5:11  Siege Tank  
  39  5:14  Marine x2  
  39  5:21  Orbital Command  
  39  5:22  SCV  
  39  5:24  Marine  
  41  5:30  Medivac  
  41  5:32  Marine x2  
  41  5:34  SCV  
  46  5:36  Combat Shield  
  46  5:42  Marine  
  47  5:46  SCV  
  48  5:50  Marine x2  
  48  5:51  Siege Tank  
  48  5:55  Barracks Reactor  
  48  5:56  Barracks Reactor  
  53  6:00  Marine  
  54  6:08  Marine x2  
  54  6:17  SCV  
  55  6:18  Marine  
  55  6:24  Orbital Command  
  47  6:26  Marine x2  
  47  6:29  SCV  
  50  6:33  Marine x4  
  50  6:36  Marine  
  55  6:43  Marine x2  
  57  6:49  SCV  
  57  6:50  SCV  
  57  6:51  Marine x3  
  62  7:00  Marine x2  
  62  7:01  SCV, Marine x2  
  65  7:03  SCV  
  68  7:09  Marine x2  
  70  7:20  Supply Depot  
  70  7:24  Supply Depot  
  70  7:41  SCV x2, Marine x6  
  78  7:45  Marine  
  78  7:51  Medivac, Siege Tank  
  80  7:59  Engineering Bay, Marine x6  
  80  8:00  Engineering Bay  
  86  8:08  Marine  
  82  8:16  Marine  
  76  8:23  Marine x3  
  76  8:24  Marine x2  
  76  8:26  Marine  
  82  8:30  Missile Turret  
  82  8:33  Terran Infantry Weapons Level 1  
  82  8:34  Terran Infantry Armor Level 1, Marine  
  82  8:40  Missile Turret  
  82  8:41  Marine x3  
  86  8:53  Starport Reactor  
  86  8:56  Supply Depot  
  86  8:59  Supply Depot  
  86  9:02  Barracks Reactor x2  
  86  9:17  Marine x5  
  84  9:37  Marine x3  
  80  9:39  Marine x4  
  80  9:40  Marine x2  
  80  9:42  Siege Tank  
  80  9:45  Supply Depot  
  88  9:48  Command Center  
  88  9:54  Medivac  
  88  9:55  Marine x3  
  88  9:57  Marine x4  
  97  10:02  Marine  
  97  10:03  Marine  
  99  10:13  Marine x2  
  98  10:14  Marine x2, Siege Tank  
  98  10:15  Marine x3  
  98  10:20  Marine  
  80  10:29  Medivac x2  
  80  10:31  Marine x3  
  87  10:40  Marine x2  
  87  10:41  Marine x2  
  91  10:44  SCV  
  91  10:46  SCV  
  91  10:49  Marine  
  94  10:50  Marine  
  92  11:04  Marine x5  
  92  11:11  Marine x2  
  92  11:12  Marine x2  
  92  11:17  SCV  
  97  11:18  Armory  
  97  11:22  Marine x4  
  96  11:27  Marine  
  96  11:29  Marine x4  
  101  11:39  Marine x2  
  101  11:46  Marine  
  81  11:47  Marine x6  
  83  11:57  Marine x2  
  83  11:58  Siege Tank  
  88  12:04  Marine  
  88  12:05  Marine x5  
  88  12:06  Orbital Command  
  94  12:08  SCV  
  94  12:12  SCV  
  96  12:20  SCV  
  97  12:23  Marine x2  
  97  12:24  SCV  
  97  12:27  Marine x2  
  97  12:28  Marine  
  103  12:33  SCV  
  103  12:34  SCV  
  103  12:36  SCV  
  106  12:41  Marine  
  106  12:42  Marine x5  
  112  12:44  Marine  
  112  12:51  Marine x2  
  113  12:54  Concussive Shells  
  113  12:58  Terran Vehicle Weapons Level 1  
  115  12:59  Marine  
  115  13:00  Marine x4  
  117  13:16  Marine x2  
  116  13:28  Marine  
  116  13:29  Marine x6  
  116  13:34  Marine x2  
  125  13:45  Command Center  
  125  13:58  Marine  
  125  14:10  Marine x2  
  125  14:11  Marine x2  
  125  14:12  Marine x3  
  125  14:13  Siege Tank  
  125  14:16  Marine  
  108  14:28  Marine  
  93  14:34  Barracks Reactor x2  
  61  14:57  Marine  
  61  14:58  Marine x4  
  61  14:59  Siege Tank  
  66  15:00  Medivac x2  
  66  15:03  SCV x2  
  66  15:04  SCV  
  73  15:15  SCV x2, Marine  
  73  15:16  Marine x4  
  73  15:17  Marine x3  
  73  15:20  Marine  
  73  15:21  SCV  
  83  15:30  Medivac x2  
  83  15:31  Siege Tank  
  83  15:33  Marine  
  83  15:34  Marine x5  
  80  15:52  Marauder, Marine x8  
  75  16:03  Siege Tank  
  73  16:09  Marine  
  73  16:10  Marine x7  
  67  16:13  Marine  
  67  16:15  Barracks  
  67  16:16  SCV x2  
  67  16:17  Refinery, Barracks  
  57  16:27  Marine  
  57  16:28  SCV x2, Marine  
  50  16:35  Marine  
  50  16:36  Marine x6  
  52  16:45  Marine  
  52  16:46  Marine  
Show
View Real Time Build Order
Export as new Build Order

Titibandit Protoss 

Build Orders: 1 Gate Expand 

Get SALT Encoding   

  12  0:00  Probe  
  13  0:12  Probe  
  14  0:18  Pylon  
  14  0:24  Probe  
  15  0:36  Probe (Chrono Boost)  
  15  0:40  Gateway  
  16  0:48  Probe (Chrono Boost), Assimilator  
  17  0:53  Probe (Chrono Boost)  
  18  1:03  Probe  
  19  1:15  Probe  
  20  1:37  Nexus  
  20  1:39  Pylon  
  20  1:42  Probe  
  20  1:45  Cybernetics Core  
  20  1:50  Assimilator  
  20  1:54  Probe  
  21  2:10  Probe  
  23  2:22  Probe  
  23  2:23  Adept  
  23  2:29  Warp Gate  
  25  2:30  Twilight Council  
  25  2:35  Probe (Chrono Boost)  
  26  2:47  Probe (Chrono Boost)  
  28  2:53  Probe (Chrono Boost)  
  28  2:54  Stalker  
  28  2:57  Probe (Chrono Boost)  
  31  2:59  Robotics Facility  
  31  3:00  Probe (Chrono Boost)  
  31  3:04  Probe (Chrono Boost)  
  31  3:05  Probe (Chrono Boost)  
  34  3:16  Probe  
  34  3:17  Probe  
  36  3:21  Gateway  
  36  3:28  Probe  
  36  3:29  Probe  
  38  3:38  Gateway  
  38  3:39  Gateway  
  38  3:40  Probe  
  39  3:41  Probe  
  40  3:49  Warp Prism  
  40  3:53  Probe  
  43  3:58  Pylon  
  43  4:00  Pylon  
  43  4:12  Pylon, Dark Shrine  
  42  4:26  Zealot  
  42  4:33  Immortal  
  42  4:38  Charge (Chrono Boost), Pylon  
  42  4:40  Zealot  
  37  4:52  Zealot  
  28  5:08  Adept x2  
  32  5:16  Probe  
  33  5:22  Pylon  
  33  5:28  Pylon  
  33  5:29  Gateway  
  33  5:30  Gateway  
  33  5:40  Probe  
  33  5:41  Pylon x2  
  34  5:47  Dark Templar  
  36  5:52  Probe  
  37  6:13  Probe  
  38  6:24  Dark Templar x3  
  45  6:25  Probe  
  45  6:28  Pylon  
  43  6:41  Probe  
  43  6:44  Nexus  
  44  6:53  Probe  
  43  7:15  Shadow Stride (Chrono Boost)  
  43  7:17  Probe  
  44  7:26  Immortal  
  44  7:29  Probe (Chrono Boost)  
  49  7:31  Pylon  
  49  7:32  Gateway  
  49  7:41  Probe (Chrono Boost)  
  50  7:47  Probe (Chrono Boost)  
  51  7:55  Probe  
  51  7:56  Forge  
  51  7:57  Stalker  
  54  8:04  Probe  
  56  8:05  Observer  
  56  8:07  Probe  
  57  8:15  Archon  
  57  8:16  Probe  
  57  8:19  Probe  
  59  8:28  Probe  
  59  8:31  Probe  
  61  8:36  Photon Cannon  
  61  8:40  Probe  
  61  8:41  Sentry x2  
  64  8:43  Probe  
  67  8:52  Probe  
  68  8:55  Probe  
  69  9:04  Probe  
  69  9:05  Zealot  
  69  9:06  Zealot x3  
  69  9:08  Probe  
  79  9:16  Probe  
  62  9:37  Probe x2  
  64  9:38  Zealot x4  
  64  9:44  Assimilator  
  72  9:48  Assimilator  
  72  9:49  Probe x2  
  74  9:56  Immortal  
  77  10:01  Probe  
  78  10:08  Probe  
  78  10:13  Probe  
  80  10:18  Nexus  
  80  10:21  Templar Archives  
  70  10:44  Zealot  
  70  10:45  Zealot x2  
  70  10:46  Zealot  
  70  10:47  Probe x2  
  80  10:54  Pylon  
  80  10:57  Psionic Storm  
  80  10:59  Probe  
  80  11:02  Probe  
  82  11:11  Probe  
  82  11:14  Probe  
  84  11:23  Zealot x2  
  84  11:24  Zealot x2  
  89  11:41  Probe x2  
  89  11:42  Probe  
  79  11:55  Probe x3  
  79  12:00  Pylon  
  82  12:04  High Templar x2  
  82  12:05  High Templar x2  
  82  12:08  Probe x3  
  93  12:20  Probe x2  
  93  12:22  Gateway  
  95  12:24  Gateway  
  95  12:27  Gateway  
  95  12:29  Gateway  
  95  12:30  Probe  
  95  12:31  Gateway  
  95  12:32  Probe  
  95  12:33  Photon Cannon  
  95  12:35  Photon Cannon  
  97  12:38  Assimilator  
  97  12:42  Assimilator  
  97  12:50  Pylon  
  97  12:52  Probe x3  
  97  12:55  Nexus  
  100  13:02  High Templar x4  
  100  13:04  Probe x2  
  110  13:07  Photon Cannon  
  110  13:12  Pylon  
  110  13:14  Archon x2  
  110  13:21  Pylon  
  110  13:26  Pylon  
  110  13:27  High Templar x5  
  112  13:31  Archon x2  
  112  13:33  Protoss Ground Armor Level 1 (Chrono Boost)  
  120  13:35  Zealot x4  
  128  13:43  Forge  
  125  14:20  Stalker  
  125  14:21  Stalker  
  125  14:22  Stalker  
  130  14:24  Zealot x6  
  130  14:30  Probe x3  
  144  14:45  Zealot x2, Pylon  
  148  14:50  Pylon  
  148  14:51  Protoss Ground Weapons Level 1 (Chrono Boost), Pylon  
  148  14:52  Pylon  
  148  14:54  Pylon  
  148  14:56  Pylon  
  148  14:58  Pylon  
  148  15:02  Pylon  
  148  15:22  High Templar x9  
  148  15:26  Archon x4  
  144  15:55  Stalker  
  110  16:02  Archon  
  86  16:07  Stalker x6  
  86  16:08  Stalker x3  
  90  16:15  Gateway  
  90  16:17  Gateway  
  90  16:19  Gateway x2  
  82  16:42  Stalker x7  
  82  16:43  Stalker x2  
  82  16:44  Gateway  
  82  16:45  Gateway  
  100  16:49  Gateway  
Show
View Real Time Build Order
Export as new Build Order

qqq Zerg - Winner!

Build Orders: Hatch First, Brood Lord Corruptor 

Get SALT Encoding   

  12  0:00  Drone  
  13  0:16  Drone  
  13  0:18  Overlord  
  14  0:47  Hatchery  
  13  0:52  Drone  
  13  0:54  Drone  
  15  1:06  Drone x2  
  17  1:20  Drone  
  17  1:24  Spawning Pool  
  17  1:25  Extractor  
  16  1:32  Drone  
  17  1:47  Drone x2  
  19  1:59  Drone  
  20  2:02  Drone  
  21  2:11  Queen  
  21  2:15  Queen  
  22  2:19  Drone  
  25  2:25  Overlord  
  25  2:31  Metabolic Boost  
  25  2:34  Drone  
  26  2:38  Drone  
  27  2:45  Zergling x2  
  27  2:47  Queen, Overlord  
  30  2:53  Drone x2  
  30  2:55  Zergling x2  
  33  3:00  Zergling x2  
  33  3:05  Drone  
  35  3:11  Zergling x2  
  36  3:15  Zergling x2  
  37  3:21  Zergling x2  
  37  3:22  Zergling x6  
  37  3:24  Zergling x6  
  44  3:37  Lair  
  44  3:40  Overlord x2  
  44  3:48  Overlord  
  44  3:58  Zergling x2  
  45  4:05  Zergling x8  
  45  4:06  Zergling x4  
  47  4:24  Zergling x4  
  47  4:25  Zergling x6  
  49  4:31  Zergling x4  
  49  4:32  Zergling x4  
  52  4:42  Zergling x2  
  52  4:43  Zergling x6  
  56  4:52  Zergling x2  
  56  5:00  Zergling x6  
  59  5:10  Drone x3, Spire  
  61  5:15  Hatchery  
  61  5:19  Zergling x4  
  61  5:20  Zergling x4  
  63  5:22  Drone  
  62  5:54  Spore Crawler  
  62  5:55  Drone x5  
  62  5:56  Drone x2, Extractor  
  67  5:59  Overlord x3  
  50  6:37  Drone  
  50  6:38  Drone x3, Spore Crawler  
  53  6:40  Spine Crawler  
  53  6:41  Drone x2, Mutalisk  
  53  6:42  Mutalisk x2  
  60  6:50  Overseer  
  60  6:51  Overseer  
  58  7:15  Pneumatized Carapace  
  58  7:17  Drone x5, Extractor  
  58  7:18  Drone x4, Extractor  
  65  7:24  Queen  
  67  7:31  Hatchery  
  67  7:33  Drone x2  
  67  7:35  Spore Crawler  
  67  7:36  Spine Crawler  
  63  7:54  Mutalisk  
  63  7:55  Mutalisk  
  66  8:19  Mutalisk  
  56  8:20  Zergling x2  
  56  8:21  Zergling x10  
  56  8:22  Drone x3  
  56  8:23  Drone x3, Zergling x4  
  72  8:33  Drone, Infestation Pit  
  72  8:34  Drone x3  
  75  8:44  Baneling Nest  
  74  8:50  Drone x3  
  77  8:59  Drone  
  77  9:02  Extractor x2, Mutalisk  
  76  9:03  Mutalisk  
  76  9:07  Drone x3  
  72  9:25  Spine Crawler  
  72  9:26  Spine Crawler, Spore Crawler  
  56  9:35  Mutalisk x3  
  54  9:39  Drone x4, Zergling x2  
  54  9:40  Zergling x8  
  63  9:49  Hive  
  63  9:53  Zergling x2  
  63  9:54  Queen  
  63  9:55  Drone  
  63  9:56  Drone  
  68  10:07  Drone  
  68  10:08  Drone x2, Spine Crawler  
  68  10:09  Spine Crawler  
  68  10:12  Spine Crawler  
  58  10:24  Mutalisk x2  
  58  10:25  Mutalisk  
  58  10:26  Zergling x6  
  58  10:27  Drone x2  
  66  10:47  Drone  
  66  10:48  Drone x2  
  66  10:49  Mutalisk, Corruptor  
  71  10:50  Hatchery  
  72  11:01  Mutalisk  
  74  11:06  Greater Spire  
  74  11:09  Mutalisk x3  
  74  11:10  Zergling x2  
  81  11:14  Overlord  
  81  11:27  Overlord  
  81  11:28  Overlord  
  81  11:33  Drone x3  
  84  11:42  Mutalisk x3  
  84  11:43  Zergling x2  
  89  11:53  Mutalisk x2  
  93  11:54  Drone x3  
  93  11:56  Hatchery  
  95  12:07  Zergling x4  
  97  12:11  Baneling x3  
  97  12:12  Baneling x3  
  97  12:14  Corruptor x2  
  101  12:17  Drone x2  
  101  12:20  Zerg Flyer Weapons Level 1  
  103  12:23  Brood Lord  
  103  12:28  Drone  
  106  12:41  Overlord x2  
  106  12:42  Overlord x3  
  102  13:26  Corruptor x4  
  102  13:27  Corruptor  
  104  13:30  Brood Lord x2, Corruptor x3  
  104  13:31  Corruptor  
  104  13:32  Drone x3  
  127  13:41  Spore Crawler  
  127  13:43  Spine Crawler  
  127  13:44  Drone  
  126  13:54  Spine Crawler  
  125  14:28  Brood Lord  
  125  14:29  Brood Lord x5  
  135  14:43  Corruptor x2  
  135  14:44  Corruptor  
  135  14:45  Drone x3  
  144  14:49  Extractor x2  
  118  15:02  Zerg Flyer Armor Level 1  
  118  15:13  Viper  
  121  15:14  Zergling x8  
  121  15:15  Zergling x18  
  121  15:16  Drone  
  121  15:17  Drone  
  136  15:24  Hatchery  
  135  15:29  Spire  
  133  15:46  Hatchery  
  115  15:59  Corruptor  
  115  16:00  Mutalisk x3, Corruptor  
  115  16:01  Zergling x10  
  115  16:02  Zergling x2  
  126  16:11  Brood Lord  
  126  16:12  Brood Lord  
  126  16:18  Drone x3  
Show
View Real Time Build Order
Export as new Build Order

Massa Terran - Winner!

Build Orders:  

Get SALT Encoding   

  12  0:00  SCV  
  13  0:12  SCV  
  14  0:19  Supply Depot  
  14  0:25  SCV  
  15  0:40  SCV  
  15  0:41  Barracks  
  16  0:47  Refinery  
  16  0:52  SCV  
  17  1:04  SCV  
  18  1:17  SCV  
  19  1:29  SCV  
  19  1:31  Barracks, Marine  
  21  1:42  Orbital Command  
  21  1:49  Marine, Supply Depot  
  22  2:08  SCV  
  23  2:16  Command Center  
  23  2:17  Marine  
  23  2:18  Marine  
  26  2:29  SCV  
  26  2:38  Barracks Tech Lab, Factory  
  25  2:54  Marine  
  26  3:03  Stimpack  
  26  3:05  SCV  
  27  3:16  Engineering Bay  
  27  3:17  SCV  
  27  3:19  Command Center  
  28  3:26  Hellion  
  30  3:29  SCV  
  31  3:36  Orbital Command  
  31  3:39  Marine  
  32  3:42  SCV  
  33  3:52  Hellion  
  33  3:54  Marine  
  36  4:21  Marauder, Marine  
  36  4:22  SCV  
  36  4:23  SCV  
  37  4:34  SCV  
  37  4:35  SCV  
  39  4:46  SCV  
  40  5:07  SCV x3  
  42  5:19  SCV x3  
  45  5:31  SCV x3  
  48  5:41  Barracks  
  48  5:42  Starport, Barracks, Terran Infantry Weapons Level 1  
  48  5:43  SCV x2  
  48  5:44  Refinery  
  48  5:45  Armory  
  48  5:48  Engineering Bay  
  50  5:54  Refinery, Factory Tech Lab  
  50  5:55  Barracks Reactor, SCV x2  
  50  5:56  Marine  
  50  5:57  Refinery  
  53  6:07  SCV x2  
  55  6:14  Marine  
  55  6:17  Siege Tank  
  59  6:20  Combat Shield  
  59  6:31  Marine  
  57  6:37  Planetary Fortress  
  56  6:42  Missile Turret  
  56  6:45  Missile Turret  
  54  6:49  Marine, Missile Turret  
  51  6:59  Barracks Reactor, Starport Tech Lab, Barracks Tech Lab  
  46  7:26  Terran Infantry Armor Level 1, Missile Turret, Terran Vehicle Weapons Level 1  
  46  7:29  Concussive Shells  
  46  7:30  Marine x2  
  46  7:31  Marauder x2  
  52  7:38  SCV x3  
  55  7:45  Missile Turret  
  55  7:48  Marine x2  
  55  7:50  SCV x3  
  60  7:51  Marine  
  61  8:00  Supply Depot x2  
  61  8:01  Supply Depot  
  61  8:02  Supply Depot x2  
  61  8:04  Sensor Tower  
  61  8:09  Missile Turret  
  61  8:21  Marine x2  
  61  8:22  SCV x3, Marauder x2, Raven, Marine x2, Siege Tank  
  77  8:30  Refinery x2  
  77  8:31  Terran Infantry Weapons Level 2  
  77  8:34  SCV x2  
  79  8:39  Marine x4  
  83  8:43  Marine x2  
  85  8:54  Siege Tank  
  88  8:57  Marine x4  
  88  9:00  SCV x3  
  88  9:01  Marauder x2  
  99  9:12  SCV x2  
  101  9:19  Supply Depot  
  101  9:22  SCV, Marine  
  101  9:23  Supply Depot x3  
  95  9:24  SCV, Supply Depot  
  87  9:34  SCV  
  87  9:37  Marauder x2, Marine x3  
  85  9:40  Marine  
  86  9:52  Raven  
  86  9:55  SCV x3, Marine x3  
  86  9:58  Marauder x2, Marine  
  97  10:01  Terran Infantry Armor Level 2  
  97  10:03  Starport  
  97  10:07  SCV x3  
  97  10:08  Siege Tank  
  103  10:19  SCV x2  
  103  10:20  Marauder x2  
  108  10:41  Marauder  
  108  10:42  Medivac  
  112  10:46  Starport Reactor  
  112  10:47  Marauder, Marine  
  112  10:48  Marine x3  
  118  10:50  SCV  
  119  11:01  Supply Depot  
  119  11:02  Marauder  
  119  11:03  Command Center  
  121  11:05  Marine  
  121  11:06  Marine x2  
  121  11:08  Marine  
  121  11:09  Marauder  
  120  11:21  Medivac  
  120  11:24  Marauder  
  123  11:30  Terran Infantry Weapons Level 3, Marauder  
  122  11:35  Missile Turret  
  122  11:45  Marauder  
  102  11:51  Medivac  
  80  11:56  Siege Tank  
  80  11:57  Marauder, Marine x3  
  80  11:58  Marine  
  90  12:01  SCV x3  
  90  12:06  Marauder  
  94  12:08  Terran Vehicle Weapons Level 2  
  94  12:13  SCV x3  
  94  12:15  Marine x4  
  98  12:16  Planetary Fortress  
  98  12:18  Marauder  
  98  12:19  Missile Turret  
  98  12:21  Medivac  
  98  12:22  Terran Infantry Armor Level 3  
  105  12:25  SCV  
  105  12:28  Barracks, Marauder, Siege Tank  
  111  12:33  Marine  
  111  12:34  Barracks  
  112  12:38  Marine x3  
  112  12:40  Marauder  
  117  12:49  Marauder  
  117  12:50  Missile Turret  
  117  12:51  Marine, Medivac  
  120  12:55  Marine  
  120  12:56  Marine  
  124  13:00  Siege Tank  
  127  13:07  Marauder, Marine  
  127  13:08  Marine  
  127  13:11  Marauder  
  133  13:13  Medivac x2  
  133  13:16  SCV x2  
  133  13:17  SCV  
  140  13:21  Refinery, Medivac  
  142  13:29  Marauder  
  142  13:32  Marauder, Siege Tank  
  142  13:33  Barracks Tech Lab, Marine x2  
  142  13:34  Marine x2  
  153  13:43  Medivac  
  155  13:50  Marauder  
  155  13:51  Barracks Tech Lab  
  155  13:53  Marauder  
  125  14:26  Marauder x3, Marine x3  
  125  14:27  Marine  
  129  14:32  Siege Tank  
  126  14:47  Marauder  
  126  14:48  Marauder x2  
  131  14:58  Marine x4  
  135  15:04  Siege Tank  
  138  15:09  Marauder x3  
  144  15:15  Marine  
  144  15:16  Marine x3  
  148  15:25  Medivac x3  
  154  15:30  Marauder x2  
  154  15:31  Marauder  
  154  15:33  Marine  
  161  15:36  Siege Tank  
  157  15:51  Marauder  
  157  15:52  Marauder  
  157  15:55  Marauder, Medivac  
  157  15:56  Marine x3  
  126  16:08  Siege Tank  
  129  16:13  Marauder x2  
  129  16:16  Marauder  
  131  16:32  Medivac x3  
  135  16:34  Marauder  
  135  16:35  Marauder  
  135  16:36  Marine x4  
  135  16:38  Marauder  
Tags
 
Add a new tag
Caveats
  • Supply blocks, unpowered buildings, or Contaminate may cause inaccurate times.
  • Supply counts are checked every 10 seconds.